 Dungeon Crawl Stone Soup version 0.30-a0-457-g4b7bca3bfa (webtiles) character file.

Game seed: 285802039792788956

756 ytrimaz the Slasher (level 8, -5/56 HPs)
             Began as a Djinni Fighter on Dec 12, 2022.
             Slain by an ice beast (18 damage)
             ... on level 5 of the Dungeon.
             The game lasted 00:05:51 (3882 turns).

ytrimaz the Slasher (Djinni Fighter)                Turns: 3882, Time: 00:05:51

Health: -5/56      AC: 14    Str: 14    XL:     8   Next: 7%
Gold:   203        EV:  8    Int: 17    God:
                   SH:  4    Dex: 11

rFire   + + .      SeeInvis .    a - +0 long sword (protect)
rCold   x . .      Faith    .    c - +0 buckler
rNeg    . . .      Spirit   .    b - +0 scale mail
rPois   ∞          Reflect  .    (no helmet)
rElec   .          Harm     .    (no cloak)
rCorr   .          Rampage  .    l - +0 pair of gloves
Will    .....                    (boots unavailable)
Stlth   ..........               (no amulet)
HPRegen 0.29/turn                h - ring of wizardry
MPRegen 0.00/turn                (no ring)

@: under a protective aura, flying
A: sickness immunity, fire resistance 2, cold vulnerability 1, float, innate
caster, HP casting, extra vitality 1, clever 1, noise suppression
a: no special abilities


You were on level 5 of the Dungeon.
You visited 1 branch of the dungeon, and saw 5 of its levels.

You collected 203 gold pieces.


Innate Abilities, Weirdness & Mutations

You are immune to sickness and miasma.
You are immune to poison.
Your flesh is very heat resistant. (rF++)
You are vulnerable to cold. (rC-)
You float through the air rather than walking.
You learn spells naturally, not from books.
Your magical power is your life essence.
You have superior vitality. (+4 MHP)
Your mind is acute. (Int +4, Str/Dex -1)
You passively dampen the noise of your surroundings.


   Skills:
 - Level 3.0 Fighting
 + Level 7.5 Long Blades
 - Level 3.0 Armour
 - Level 4.0 Shields


You had 2 spell levels left.
You knew the following spells:

 Your Spells              Type           Power      Damage    Failure   Level
a - Sandblast             Erth           0%         2d4       43%         1
b - Momentum Strike       Conj/Tloc      0%         3d8       56%         2
c - Passwall              Tmut/Erth      0%         N/A       56%         2
Your spell library was empty.

Inventory:

Hand Weapons
 a - a +0 long sword of protection (weapon)
Armour
 b - a +0 scale mail (worn)
 c - a +0 buckler (worn)
 l - a +0 pair of gloves (worn)
   (You found it on level 3 of the Dungeon)
Jewellery
 h - a ring of wizardry (left hand)
   (You found it on level 1 of the Dungeon)
Potions
 d - a potion of curing
 f - a potion of flight
 i - 2 potions of attraction
 j - a potion of brilliance

Dungeon Overview and Level Annotations

Branches:
Dungeon (5/15) Zot: 26017
 Temple: D:4-7

Altars:

##### ### #@Y5#
..####
###.##.....
#........
#.##.##..
#..<.# #....#
#..........
............#
####...........


You could see an ice beast and a white imp.


Message History

The puff of frost hits you.
You feel a terrible chill! The orc hits you but does no damage.
The ice beast hits you but does no damage. 😕 HP[-6]
You take 6 damage, and now have 43/56 hp.
You hit the orc. The white imp gestures at you.
The puff of frost hits you but does no damage.
You block the orc's attack.
The ice beast hits you but does no damage.
You hit the orc but do no damage. The white imp gestures at you.
The puff of frost hits you.
You feel a terrible chill! The orc hits you but does no damage.
The ice beast hits you but does no damage. 😮 HP[-2]
You take 2 damage, and now have 41/56 hp.
You hit the orc.
You kill the orc!
The white imp closely misses you. The ice beast barely misses you.
Unknown command.
You aren't carrying any scrolls.
Unknown command.
It was a potion of mutation.
You feel extremely strange.
You feel clever.
You feel your surroundings grow quieter.
The white imp hits you but does no damage.
The ice beast hits you but does no damage.
Okay, then.
Press: ? - help, v - describe, . - travel A stone staircase leading down. 🤖 Initializing magus.rc ...
Options error: Delay interrupt name "hungry" not recognised. (~/.crawlrc:4375) Options error: Bad monster_list_colour key: strict_neutral (~/.crawlrc:4390) Bad channel name for runrest: 'pray:' ✅ Successfully initialized magus.rc [v1.9.6] Welcome back, ytrimaz the Djinni Fighter.
Press ? for a list of commands and other information.
Unknown command.
You block the white imp's attack. The ice beast hits you.
The ice beast freezes you!
You feel a terrible chill!
You fly downwards.
There is a stone staircase leading up here. 😮 HP[-9]
You take 9 damage, and now have 32/56 hp.
Unknown command.
The ice beast completely misses you. The white imp gestures at you.
The puff of frost hits you!
You feel a terrible chill!
* * * LOW HITPOINT WARNING * * *
😨 HP[-13]
You take 13 damage, and now have 19/56 hp.
MASSIVE DAMAGE!! (PAUSE) Unknown command.
The ice beast attacks as you move away!
You block the ice beast's attack. 😨 HP[+1]
You feel more buoyant. The ice beast hits you.
* * * LOW HITPOINT WARNING * * *
The ice beast freezes you!
You feel a terrible chill!
* * * LOW HITPOINT WARNING * * *
😱 HP[-16]
You take 16 damage, and now have 4/56 hp.
MASSIVE DAMAGE!! (PAUSE) Unknown command.
Unknown command.
You feel much better.
You block the ice beast's attack. 😮 HP[+27]
You regained 27 hp, and now have 31/56 hp.
Unknown command.
The ice beast hits you but does no damage.
The ice beast attacks as you move away!
The ice beast barely misses you. 😮 HP[+1]
Okay, then.
It was a potion of cancellation.
Your magical effects are unravelling.
You feel magically purged.
The ice beast hits you but does no damage.
You hit the ice beast but do no damage.
Your weapon exudes an aura of protection.
The ice beast hits you.
* * * LOW HITPOINT WARNING * * *
The ice beast freezes you!
You feel a terrible chill!
* * * LOW HITPOINT WARNING * * *
You hit the ice beast but do no damage.
The ice beast hits you but does no damage. 😱 HP[-19]
You take 19 damage, and now have 13/56 hp.
MASSIVE DAMAGE!! (PAUSE)
You closely miss the ice beast. The ice beast hits you.
* * * LOW HITPOINT WARNING * * *
The ice beast freezes you!!
You feel a terrible chill!
You die...

Skill      XL: |  1  2  3  4  5  6  7 |
---------------+----------------------+-----
Long Blades    | 2 3 4 5 7 |  7.5
Shields        | 4 |  4.0
Fighting       | |  3.0
Armour         | |  3.0

Action                   |  1- 3 |  4- 6 |  7- 9 || total
-------------------------+-------+-------+-------++-------
Melee: Long sword        |    86 |   171 |   166 ||   423
  Use: Scroll            |     1 |     5 |     2 ||     8
       Potion            |       |     1 |     6 ||     7
Armor: Scale mail        |    60 |    93 |    69 ||   222
Dodge: Dodged            |    63 |    79 |    53 ||   195
Block: Buckler           |    24 |    40 |    39 ||   103

Levels and vault maps discovered:
D:1:      matt_arrival_refuge, layout_loops_cross, basic_ecumenical_altar
D:2:      layout_rooms, uniq_natasha
D:3:      layout_loops_ring, hangedman_feature_mirror
D:4:      layout_rooms
D:5:      layout_loops_ring, minmay_temple_entry_stoned_glass, serial_bayou,
          serial_bayou_pond_d, serial_bayou_pond_a, serial_bayou_crossing,
          serial_bayou_lagoon_a, minmay_ruined_shrine, uniq_crazy_yiuf_cottage

Notes
Turn   | Place    | Note
-------+----------+-------------------------------------------
     0 | D:1      | ytrimaz the Djinni Fighter began the quest for the Orb.
     0 | D:1      | Reached XP level 1. HP: 20/20 MP: 0/0
     0 | D:1      | magus.rc [v1.9.6]
   252 | D:1      | Reached skill level 2 in Long Blades
   341 | D:1      | Reached XP level 2. HP: 25/25 MP: 0/0
   571 | D:1      | Found a faded altar of an unknown god.
   767 | D:2      | Noticed Natasha
   775 | D:2      | Killed Natasha
   776 | D:2      | Reached XP level 3. HP: 30/30 MP: 0/0
   776 | D:2      | Learned a level 1 spell: Sandblast
   824 | D:2      | Identified the +1 leather armour of Limited Liability
                  | {-Tele Regen+ Str+7 Int+2}
   913 | D:2      | Noticed Natasha
   921 | D:2      | Killed Natasha
   922 | D:2      | Reached skill level 3 in Long Blades
   922 | D:2      | Reached skill level 4 in Shields
   922 | D:2      | Reached XP level 4. HP: 24/35 MP: 0/0
  1104 | D:2      | Noticed Natasha
  1119 | D:2      | Killed Natasha
  1138 | D:2      | Reached XP level 5. HP: 38/40 MP: 0/0
  1138 | D:2      | Learned a level 2 spell: Momentum Strike
  1314 | D:3      | Reached skill level 4 in Long Blades
  1370 | D:3      | Reached XP level 6. HP: 46/46 MP: 0/0
  1393 | D:3      | HP: 11/46 [orc priest/+0 dagger (3)]
  1395 | D:3      | Reached skill level 5 in Long Blades
  2337 | D:4      | Identified the +8 sling of Frustration {flame, rElec Str+3
                  | Dex+4}
  2700 | D:3      | Reached XP level 7. HP: 38/50 MP: 0/0
  2700 | D:3      | Learned a level 2 spell: Passwall
  2715 | D:4      | Reached skill level 6 in Long Blades
  3230 | D:4      | Reached skill level 7 in Long Blades
  3452 | D:4      | Reached XP level 8. HP: 33/56 MP: 0/0
  3857 | D:5      | Entered Level 5 of the Dungeon
  3867 | D:4      | Gained mutation: Your mind is acute. (Int +4, Str/Dex -1)
                  | [potion of mutation]
  3867 | D:4      | Gained mutation: You passively dampen the noise of your
                  | surroundings. [potion of mutation]
  3868 | D:4      | magus.rc [v1.9.6]
  3875 | D:5      | HP: 4/56 [ice beast (16)]
  3880 | D:5      | HP: 13/56 [ice beast (15)]
  3882 | D:5      | Slain by an ice beast

Vanquished Creatures
  An ogre (D:4)
  A gnoll sergeant (D:4)
  A necrophage (D:3)
  3 orc priests
  A gnoll bouda (D:3)
  An iguana (D:4)
  6 orc wizards
  Natasha (thrice) (D:2)
  9 gnolls
  3 adders
  A dart slug (D:3)
  14 orcs
  5 endoplasms
  5 giant cockroaches
  5 hobgoblins
  6 jackals
  4 kobolds
  2 quokkas
  6 ball pythons
  2 bats
  3 frilled lizards
  2 goblins
  4 rats (D:3)
88 creatures vanquished.

Table legend:
 A = Non-vault XP
 B = Vault XP
 C = Vault XP percentage of total XP
 D = Non-vault monster count
 E = Vault monster count
 F = Vault count percentage of total count
                 A         B        C        D         E       F
            +---------+---------+-------+---------+---------+-------
      Total |    1042 |      39 |   3.6 |      85 |       3 |   3.4
            +---------+---------+-------+---------+---------+-------
        D:1 |      14 |       0 |   0.0 |      10 |       0 |   0.0
        D:2 |      91 |      35 |  27.8 |      14 |       1 |   6.7
        D:3 |     425 |       4 |   0.9 |      27 |       2 |   6.9
        D:4 |     512 |       0 |   0.0 |      34 |       0 |   0.0
            +---------+---------+-------+---------+---------+-------

Illustrated notes

Table legend:
 A = Kills in this place as a percentage of kills in entire the game.
 B = Kills by you in this place as a percentage of kills by you in the entire game.
 C = Kills by friends in this place as a percentage of kills by friends in the entire game.
 D = Other kills in this place as a percentage of other kills in the entire game.
 E = Experience gained in this place as a percentage of experience gained in the entire game.
 F = Experience gained in this place divided by the number of levels of this place that you have seen.
                   A       B       C       D       E      F
               +-------+-------+-------+-------+-------+----------------------
         Total | 100.0 | 100.0 |   N/A |   N/A | 100.0 | 216.2
       Dungeon | 100.0 | 100.0 |   N/A |   N/A | 100.0 | 216.2
               +-------+-------+-------+-------+-------+----------------------

Table legend: (Time is in decaauts)
 A = Elapsed time spent in this place.
 B = Non-inter-level travel time spent in this place.
 C = Inter-level travel time spent in this place.
 D = Time resting spent in this place.
 E = Time spent auto-exploring this place.
 F = Levels seen in this place.
 G = Mean time per level.
                   A        B        C        D        E       F      G
               +--------+--------+--------+--------+--------+-----+--------+
         Total |   3981 |   3899 |     82 |    451 |   2478 |   5 |  796.2 |
       Dungeon |   3981 |   3899 |     82 |    451 |   2478 |   5 |  796.2 |
               +--------+--------+--------+--------+--------+-----+--------+

Top non-repeatable levels by time:
     D:3: 1524 daAuts
     D:4: 1142 daAuts
     D:1: 704 daAuts
     D:2: 591 daAuts
     D:5: 18 daAuts
